AoeStats
← ElChupetometro

Nomad

510429015Analyzed
4v4 RM · 1d ago on Oct 1, 2026· 42m 28s· 8 players
Game mode
Random Map
Map size
231×231
Population
200
Speed
Normal
Resources
Standard
Victory
Conquest
Starting age
Dark Age
Ending age
Imperial Age
RankedLock teamsTeams togetherTeam positionsShared explorationLock speedFull tech treeHidden civsTurbo modeCheats
Victory
Defeat
🇦🇷 Byzantines · Argentina
1125
+12
🇵🇪 Lithuanians · Peru
1082
+14
🇨🇱 Vikings · Chile
1074
+14
🇦🇷 Ethiopians · Argentina
1038
+16
🇨🇱 Italians · Chile
1095
-16
🇲🇽 Byzantines · Mexico
1042
-14
🇨🇴 Bulgarians · Colombia
1035
-14
🇨🇳 Dravidians · China
991
-12
Chico_Migraña
8:53 Loom
16:08 Feudal Age
17:20 Double-Bit Axe
25:43 Horse Collar
28:16 Castle Age
26:28 Scale Barding Armor
27:15 Gold Mining
28:34 Forging
29:22 Chain Barding Armor
29:24 Bow Saw
29:27 Heavy Plow
30:02 Fletching
31:34 Bodkin Arrow
35:46 Iron Casting
37:47 Town Watch
MACS-X
4:17 Loom
4:47 Loom
15:31 Feudal Age
20:22 Castle Age
19:03 Double-Bit Axe
19:29 Horse Collar
22:28 Wheelbarrow
22:06 Medium Warships
27:51 Bow Saw
29:21 Bloodlines
30:39 Scale Barding Armor
30:45 Forging
30:58 Stone Mining
30:59 Gold Mining
35:18 Imperial Age
33:43 Husbandry
34:10 Chain Barding Armor
35:15 Iron Casting
35:43 Fervor
36:29 Conscription
36:34 Elite Leitis
38:08 Plate Barding Armor
41:04 Onager
Raizzen
4:50 Loom
15:23 Feudal Age
16:42 Double-Bit Axe
21:46 Castle Age
20:12 Fletching
21:05 Padded Archer Armor
23:23 Crossbowman
24:09 Thumb Ring
24:12 Bodkin Arrow
26:20 Leather Archer Armor
34:30 Imperial Age
33:12 Ballistics
32:52 Gold Mining
33:23 Bow Saw
36:13 Chemistry
35:49 Bracer
40:14 Arbalester
42:25 Ring Archer Armor
ElChupetometro
3:44 Loom
13:54 Feudal Age
16:13 Double-Bit Axe
18:32 Fishing Lines
21:07 Castle Age
19:07 Gold Mining
18:59 Horse Collar
21:08 Forging
21:03 Scale Barding Armor
23:14 Iron Casting
23:05 Gillnets
23:35 Husbandry
24:58 Fletching
25:08 Padded Archer Armor
26:51 Wheelbarrow
27:11 Padded Archer Armor
27:42 Bow Saw
29:44 Hand Cart
30:09 Gold Shaft Mining
32:07 Heavy Plow
33:08 Ballistics
34:12 Elite Skirmisher
40:25 Imperial Age
38:38 Bodkin Arrow
38:59 Leather Archer Armor
39:05 Chain Barding Armor
38:43 Stone Mining
42:18 Chemistry
Sniper_Wolf
4:51 Loom
13:53 Feudal Age
15:42 Double-Bit Axe
18:39 Wheelbarrow
17:55 Horse Collar
18:18 Fishing Lines
21:53 Castle Age
20:16 Forging
20:12 Scale Barding Armor
20:07 Scale Mail Armor
19:58 Arson
20:41 Gold Mining
22:47 Bow Saw
23:18 Chain Mail Armor
23:39 Iron Casting
22:39 Light Cavalry
andres.sojo2809
5:30 Loom
17:23 Feudal Age
CL.Capitán Haddock
4:44 Loom
15:38 Feudal Age
16:05 Double-Bit Axe
17:36 Fishing Lines
22:25 Castle Age
21:09 Horse Collar
爱坚果
4:31 Loom
14:14 Feudal Age
15:14 Double-Bit Axe
15:39 Fishing Lines
19:28 Castle Age
17:47 Stone Mining
17:52 Gold Mining
20:44 Bow Saw
20:44 Gillnets
22:14 Wheelbarrow
23:50 Hand Cart
24:44 Fletching
24:38 Pikeman
25:43 Bodkin Arrow
26:04 Squires
26:57 Padded Archer Armor
29:45 Imperial Age
28:00 Leather Archer Armor
28:57 Thumb Ring
30:32 Ballistics
31:58 Conscription
32:57 Medical Corps
32:51 Town Watch
33:10 Bracer
33:35 Elite Elephant Archer
34:20 Elite Skirmisher
35:58 Ring Archer Armor
36:11 Horse Collar
41:19 Chemistry
Connection lost

Rejoining the realm…

Still unreachable

The connection could not be restored.

Session expired

The server has moved on; the page needs a fresh start.